cohdb
Replays
Latest Replays
All Replays
Popular Replays
Top Player Replays
Match Explorer
How It Works
Community
CoH3 Stats
Reddit
Sign in to upload your games and track your stats! →
Sign in with Steam
Match 44428005
Unlisted
Match 44428005
Overview
Messages
Build Orders
End
Panzergrenadier Squad
250 Light Carrier
Panzergrenadier Squad
Construct Light Support Kompanie
Combat Half-tracks
2.5-tonne Medical Truck
Fire Support Elements
Pak 38 Mechanized Group
Selects Battlefield Espionage Battlegroup
Selects Intel Disruption Beacon
le.IG 18 Support Gun Team
Flakvierling Half-track
Vehicle Survival Package
Panzergrenadier Squad
Selects Plunder
我小叮当今晚要搞事!
LotDExile
Grom
Ravenwing
Macho Man Randy Savage
Cheezus
TheSphinx
Alekel
0
0
Comments
sign in to comment!
No comments posted yet!